 Dungeon Crawl Stone Soup version 0.28.0-53-g5a82cb258f (webtiles) character file.

Game seed: 7715026383479368235

716 RevDB the Magician (level 7, 0/54 (57) HPs)
             Began as a Yellow Draconian Hedge Wizard on June 30, 2022.
             Slain by a wight
             ... wielding a +5 war axe of freezing
              (3 damage)
             ... on level 5 of the Dungeon on July 1, 2022.
             The game lasted 01:00:20 (4605 turns).

RevDB the Magician (Yellow Draconian Hedge Wizard)  Turns: 4605, Time: 01:00:20

HP:   0/54 (57)     AC:  9    Str: 12    XL:     7   Next: 41%
MP:   8/13          EV: 12    Int: 23    God:
Gold: 242           SH:  0    Dex: 10    Spells: 6/14 levels left

rFire   . . .      SeeInvis .   a - +7 Throatcutter {drain, coup de grace}
rCold   . . .      Faith    .   (no shield)
rNeg    . . .      Spirit   .   (armour unavailable)
rPois   .          Reflect  .   (helmet currently unavailable)
rElec   .          Harm     .   n - +2 cloak
rCorr   +          Rampage  .   (no gloves)
Will    .....                   (boots currently unavailable)
Stlth   ++........              (no amulet)
HPRegen 0.18/turn               d - ring of resist corrosion
MPRegen 0.13/turn               f - +6 ring of intelligence

@: appendages, slowed, drained, very slow
A: horns 2, talons 2, spit acid, AC +6, unfitting armour, cold-blooded, acid
resistance
a: Breathe Acid, End Transformation


You were on level 5 of the Dungeon.
You had temporarily grown beastly horns and talons.
You visited 1 branch of the dungeon, and saw 6 of its levels.

You collected 242 gold pieces.

Inventory:

Hand Weapons
 a - the +7 Throatcutter (weapon) {drain, coup de grace}
   (You found it on level 3 of the Dungeon)

   A truly terrible weapon, it drains the life of any living foe it strikes.
   It may instantly kill foes which have little health.
 t - a +0 dagger
 u - a +0 long sword
Armour
 n - a +2 cloak (worn)
 p - a +0 hat (melded)
Magical Staves
 b - a staff of conjuration
Jewellery
 d - a ring of resist corrosion (left hand)
 f - a +6 ring of intelligence (right hand)
Wands
 q - a wand of acid (3)
 v - a wand of digging (2)
 x - a wand of iceblast (3)
Scrolls
 k - a scroll of enchant armour
 l - a scroll of amnesia
 o - a scroll of blinking
 s - a scroll of teleportation {unknown}
Potions
 c - a potion of degeneration
 e - 3 potions of curing
 g - a potion of lignification {unknown}
 h - a potion of invisibility {unknown}
 i - a potion of might {unknown}
 j - a potion of mutation {unknown}
 m - 2 potions of heal wounds {unknown}
 r - a potion of flight {unknown}
 w - a potion of cancellation {unknown}


   Skills:
 + Level 3.5 Fighting
 * Level 3.2 Long Blades
 - Level 3.0 Dodging
 - Level 2.0 Stealth
 - Level 4.0 Spellcasting
 - Level 3.0 Conjurations
 + Level 3.6 Summonings
 - Level 1.1 Translocations
 + Level 1.4 Transmutations


You had 6 spell levels left.
You knew the following spells:

 Your Spells              Type           Power      Damage    Failure   Level
a - Magic Dart            Conj           72%        1d6       3%          1
b - Slow                  Hex            16%        N/A       11%         1
c - Call Imp              Summ           21%        N/A       3%          2
d - Call Canine Familiar  Summ           21%        N/A       7%          3
e - Beastly Appendage     Tmut           22%        N/A       6%          1

Your spell library contained the following spells:

 Spells                   Type           Power      Damage    Failure   Level
 Wereblood                Tmut           11%        N/A       9%          2
 Blink                    Tloc           18%        N/A       10%         2
 Corpse Rot               Necr/Air       8%         N/A       16%         2
 Poisonous Vapours        Pois/Air       8%         N/A       16%         2
 Conjure Flame            Conj/Fire      11%        6-21      17%         3
 Mephitic Cloud           Conj/Pois/Air  9%         N/A       21%         3
 Spider Form              Tmut/Pois      7%         N/A       24%         3
 Portal Projectile        Hex/Tloc       14%        N/A       26%         3
 Leda's Liquefaction      Hex/Erth       2%         N/A       71%         4


Dungeon Overview and Level Annotations

Branches:
Dungeon (6/15)
 Temple: D:4-7

Altars:


Innate Abilities, Weirdness & Mutations

You have temporarily grown beastly horns and talons.
You can spit globs of acid.
Your golden yellow scales are hard. (AC +6)
You cannot fit into any form of body armour.
You are cold-blooded and may be slowed by cold attacks.
You are resistant to acid. (rCorr)


Message History

The wight hits your hound with a +5 war axe of freezing!
The wight freezes your hound.
Your hound dies!
Your hound's corpse disappears in a puff of smoke!
Casting: Call Imp (safe; 3% risk of failure)
Confirm with . or Enter, or press ? or * to list all spells.
Okay, then.
Memorise Wereblood, consuming 2 spell levels and leaving 4?
You start memorising the spell.
You continue memorising.
Your crimson imp hits the wight but does no damage.
The wight barely misses your crimson imp.
The wight hits you but does no damage.
Your memorisation is interrupted.
The wight hits you but does no damage.
Casting: Call Imp (safe; 3% risk of failure)
Confirm with . or Enter, or press ? or * to list all spells.
You grow a pair of large bovine horns.
Your feet morph into talons.
Your +0 hat melds into your body.
Your crimson imp hits the wight.
The wight hits you with a +5 war axe of freezing!
You feel drained.
You feel yourself slow down. The wight freezes you.
The wight hits your crimson imp with a +5 war axe of freezing.
The wight freezes your crimson imp.
The wight hits you from afar with a +2 trident.
You feel drained. The wight hits you with a +4 falchion.
The wight hits you with a +3 great sword.
You slash the wight!
You behead the wight!
You destroy the wight!
You feel yourself speed up.
Your crimson imp barely misses the wight.
The wight hits you with a +5 war axe of freezing!
You feel yourself slow down. The wight freezes you.
* * * LOW HITPOINT WARNING * * *
The wight misses your crimson imp.
The wight hits you from afar with a +2 trident.
* * * LOW HITPOINT WARNING * * *
The wight misses your crimson imp.
Your crimson imp closely misses the wight.
The wight hits you with a +5 war axe of freezing!
* * * LOW HITPOINT WARNING * * *
The wight freezes you.
You die...

..........##
...........
..........#
#......... #....!...#
### .........###..##
#.###....z#....#
#.....#zzz....#
#.....#5@.....#
#.....#.......#
#.....#......##
##.......#...##
###+####§#....#.....#
≈≈§.≈≈≈§≈...........#
.##....§§..........##
###.###..§..#....###
###..##....###.....#


You could see 4 wights and a friendly crimson imp (summoned).

Vanquished Creatures
  A sky beast (D:5)
  An ogre (D:4)
  A centaur (D:4)
  A scorpion (D:5)
  A wight (D:5)
  A jelly (D:3)
  A bullfrog skeleton (D:5)
  2 iguanas (D:4)
  A howler monkey zombie (D:5)
  A gnoll (D:2)
  4 adders
  2 dart slugs (D:1)
  5 ball pythons
  8 bats
  2 endoplasms
  A giant cockroach (D:1)
  7 goblins
  5 hobgoblins
  2 quokkas
  3 frilled lizards
  2 kobolds
  4 rats
56 creatures vanquished.

Vanquished Creatures (collateral kills)
  2 hounds (D:4)
  A bullfrog skeleton (D:5)
  An iguana (D:2)
  3 gnolls (D:3)
  3 adders
  An orc (D:4)
  2 endoplasms
  2 giant cockroaches
  A kobold (D:3)
  A quokka (D:3)
  2 ball pythons (D:3)
  A bat (D:3)
  2 rats
22 creatures vanquished.

Grand Total: 78 creatures vanquished

Notes
Turn   | Place    | Note
-------+----------+-------------------------------------------
     0 | D:1      | RevDB the Draconian Hedge Wizard began the quest for the
                  | Orb.
     0 | D:1      | Reached XP level 1. HP: 14/14 MP: 4/4
     2 | D:1      | Learned a level 1 spell: Slow
   324 | D:1      | Reached XP level 2. HP: 22/22 MP: 1/6
   545 | D:1      | Learned a level 2 spell: Call Imp
   601 | D:1      | Reached skill level 1 in Fighting
   889 | D:1      | Reached XP level 3. HP: 28/28 MP: 0/7
  1943 | D:3      | Reached XP level 4. HP: 30/36 MP: 1/9
  2167 | D:3      | Learned a level 3 spell: Call Canine Familiar
  2291 | D:2      | Reached XP level 5. HP: 16/42 MP: 6/10
  2770 | D:3      | Found the +7 Throatcutter {drain, coup de grace}
  3446 | D:5      | Entered Level 5 of the Dungeon
  3446 | D:5      | Noticed a sky beast
  3658 | D:4      | Noticed an ogre
  3667 | D:4      | Killed an ogre
  3668 | D:4      | Reached skill level 1 in Long Blades
  3668 | D:4      | Reached XP level 6. HP: 50/50 MP: 1/11
  4247 | D:5      | Reached skill level 4 in Spellcasting
  4247 | D:5      | Your scales start taking on a golden yellow colour.
  4247 | D:5      | Reached XP level 7. HP: 57/57 MP: 6/13
  4247 | D:5      | Gained mutation: You are resistant to acid. (rCorr) [Yellow
                  | Draconian growth]
  4264 | D:5      | Learned a level 1 spell: Beastly Appendage
  4268 | D:5      | Reached skill level 1 in Transmutations
  4605 | D:5      | Slain by a wight

Illustrated notes

Levels and vault maps discovered:
D:1:      dpeg_arrival_concentric_ovals, layout_basic
D:2:      layout_loops_ring, skrybe_limestone_x, minmay_misc_feat_more_columns,
          minmay_indecisive_spiral
D:3:      layout_loops_ring
D:4:      layout_basic
D:5:      layout_cave_pools, mainiacjoe_overflow_concentric_impassable,
          lightli_temple_of_fire, lemuel_crystal_altar, gup_sewer_entry_bowl,
          uniq_grinder
D:6:      layout_gridville, chequers_temple_overflow_minitemple, uniq_duvessa

Skill      XL: |  1  2  3  4  5  6  7 |
---------------+----------------------+-----
Fighting       | 1 2 3 |  3.5
Dodging        | 2 3 |  3.0
Conjurations   | 2 3 |  3.0
Stealth        | 2 |  2.0
Summonings     | 2 3 |  3.6
Long Blades    | 1 2 3 |  3.2
Spellcasting   | 4 |  4.0
Transmutations | 1 |  1.4
Translocations | |  1.1

Action                   |  1- 3 |  4- 6 |  7- 9 || total
-------------------------+-------+-------+-------++-------
Melee: Dagger            |    56 |    24 |       ||    80
       Tailslap          |     9 |     5 |       ||    14
       Long sword        |       |    14 |     9 ||    23
 Cast: Magic Dart        |    72 |    21 |     6 ||    99
       Call Imp          |     6 |    18 |     1 ||    25
       Call Canine Famil |       |    21 |     2 ||    23
       Slow              |       |     2 |       ||     2
       Beastly Appendage |       |       |     2 ||     2
  Use: Scroll            |     1 |     3 |     1 ||     5
 Stab: Sleeping          |     2 |     1 |       ||     3
Armor: Skin              |    25 |    13 |     5 ||    43
Dodge: Dodged            |    30 |    22 |     3 ||    55
